 Dungeon Crawl Stone Soup version 0.30.1-11-g7821555f0a (webtiles) character file.

Game seed: 5939059738253688698

38 Cheops the Trooper (level 3, 0/40 HPs)
             Began as an Ogre Fighter on Dec 11, 2023.
             Succumbed to an adder's poison
             ... on level 3 of the Dungeon.
             The game lasted 00:01:28 (555 turns).

Cheops the Trooper (Ogre Fighter)                    Turns: 555, Time: 00:01:28

Health: 0/40       AC:  3    Str: 22    XL:     3   Next: 43%
Magic:  3/3        EV:  8    Int:  9    God:
Gold:   20         SH:  7    Dex:  8    Spells: 2/2 levels left

rFire   . . .        a - +0 flail
rCold   . . .        c - +0 kite shield
rNeg    . . .        b - +0 robe
rPois   .            (helmet restricted)
rElec   .            (no cloak)
rCorr   .            (gloves unavailable)
SInv    .            (boots unavailable)
Will    .....        (no amulet)
Stlth   +            (no ring)
HPRegen 0.26/turn    (no ring)
MPRegen 0.08/turn

%: no passive effects
@: lethally poisoned (0 -> -4)
A: large, unfitting armour, tough skin 1
a: no special abilities


You were on level 3 of the Dungeon.
You visited 1 branch of the dungeon, and saw 3 of its levels.

You collected 20 gold pieces.

Inventory:

Hand Weapons
 a - a +0 flail (weapon)
Armour
 b - a +0 robe (worn)
 c - a +0 kite shield (worn)
Scrolls
 e - a scroll of teleportation {unknown}
 g - a scroll of immolation {unknown}
Potions
 d - a potion of might
 f - a potion of flight {unknown}


   Skills:
 + Level 4.6 Fighting
 * Level 3.0 Maces & Flails
 - Level 2.6 Dodging
 - Level 3.0 Shields


You had 2 spell levels left.
You didn't know any spells.
Your spell library contained the following spells:

 Spells                   Type           Power      Damage    Failure   Level
 Summon Ice Beast         Ice/Summ       0%         N/A       100%        4
 Summon Mana Viper        Hex/Summ       0%         N/A       100%        5
 Monstrous Menagerie      Summ           0%         N/A       100%        7


Dungeon Overview and Level Annotations

Branches:
Dungeon (3/15)

Altars:


Innate Abilities, Weirdness & Mutations

You are too large for most types of armour.
You have tough skin. (AC +1)


Message History

You block the adder's attack. The adder barely misses you.
You closely miss the adder.
The adder is heavily wounded.
The adder bites you but does no damage. The adder closely misses you.
You block the adder's attack. The adder bites you.
* * * LOW HITPOINT WARNING * * *
You miss the adder.
The adder is heavily wounded.
The adder bites you but does no damage. The adder bites you.
* * * LOW HITPOINT WARNING * * *
The adder completely misses you.
You closely miss the adder.
The adder is heavily wounded.
The adder bites you.
* * * LOW HITPOINT WARNING * * *
The adder bites you but does no damage. The adder bites you.
* * * LOW HITPOINT WARNING * * *
You are poisoned.
The adder poisons you! The adder bites you.
* * * LOW HITPOINT WARNING * * *
You hit the adder.
The adder is almost dead.
* * * LOW HITPOINT WARNING * * *
You feel sick. You block the adder's attack. The adder barely misses you.
The adder closely misses you.
You barely miss the adder.
The adder is almost dead.
You feel sick. The adder closely misses you. You block the adder's attack.
The adder bites you.
* * * LOW HITPOINT WARNING * * *
You are lethally poisoned!
The adder poisons you! The adder bites you but does no damage.
You hit the adder.
You kill the adder!
* * * LOW HITPOINT WARNING * * *
You feel very sick. The bat completely misses you.
The adder barely misses you. x2
Your Maces & Flails skill increases to level 3!
You miss the adder.
You die...

#..# #..#
#..####
#.....# ##
#.....# ....
.....#
...#.##$...#
...#..S@#
.~...##†#
P~~...#b#
≈~.~....#
~P≈..#..#
≈≈~~...<#
≈≈~..##..#
≈≈≈P. .....
≈≈~~ .#...##


You could see an adder and a bat.

Vanquished Creatures
  An adder (D:3)
  4 endoplasms (D:1)
  2 giant cockroaches (D:1)
  3 hobgoblins (D:1)
  4 jackals (D:1)
  2 kobolds
  A quokka (D:1)
  A ball python (D:2)
  2 bats
  3 frilled lizards
  3 rats
26 creatures vanquished.

Notes
Turn   | Place    | Note
-------+----------+-------------------------------------------
     0 | D:1      | Cheops the Ogre Fighter began the quest for the Orb.
     0 | D:1      | Reached XP level 1. HP: 24/24 MP: 1/1
    67 | D:1      | Reached XP level 2. HP: 32/32 MP: 2/2
   267 | D:1      | Found a faded altar of an unknown god.
   277 | D:1      | Reached XP level 3. HP: 40/40 MP: 3/3
   351 | D:1      | You fall into a shaft and drop 1 floor!
   554 | D:3      | HP: 1/40 [poisoned by an adder]
   555 | D:3      | Succumbed to an adder's poison

Illustrated notes

Levels and vault maps discovered:
D:1:      ncdulo_lavacross, layout_basic, hellmonk_ecumenical_altar_zigzags
D:2:      layout_loops_cross, st_stairs_1
D:3:      layout_basic, bloody_makhleb, grunt_decor_one_mirror,
          chequers_big_river, hangedman_decor_push

Skill      XL: |  1  2  3 |
---------------+----------+-----
Maces & Flails | 2 3 |  3.0
Fighting       | |  4.6
Dodging        | |  2.6
Shields        | |  3.0

Action                     || total
---------------------------++-------
  Melee: Flail             ||    71
 Armour: Robe              ||    28
  Dodge: Dodged            ||    32
  Block: Kite shield       ||    43
